[Event "41st Jacques-Lemans-Open 2022"]
[Site "St. Veit/Glan"]
[Date "2022.07.11"]
[Round "4.34"]
[White "Markun, Ozbej"]
[Black "Mayrhuber, Tobias"]
[Result "1-0"]
[ECO "C50"]
[WhiteElo "1915"]
[BlackElo "2010"]
[Annotator "ChessBase"]
[PlyCount "79"]
[EventDate "2022.07.09"]
[EventType "swiss"]
[EventCountry "AUT"]
[SourceTitle "playchess.com"]
[Source "ChessBase"]
[SourceQuality "1"]
[TimeControl "40/5400+30:1800+30"]

1. e4 e5 2. Nf3 Nc6 3. Bc4 Bc5 4. O-O Nf6 5. d3 d6 6. c3 h6 7. Re1 O-O 8. h3 a6 9. Bb3 Ba7 10. Nbd2 Be6 11. Nf1 Ne7 12. Ng3 Ng6 13. d4 Qe8 14. Be3 Bxb3 15. Qxb3 Qc6 16. d5 Qb5 17. Qc2 Bxe3 18. Rxe3 Nf4 19. a4 Qd7 20. a5 b5 21. axb6 cxb6 22. c4 Rfc8 23. Rc3 g6 24. b4 Qc7 25. Nd2 a5 26. bxa5 Rxa5 27. Rb1 Nd7 28. Nb3 Ra3 29. Qb2 Ra4 30. Nd2 Rca8 31. Rb3 Ra2 32. Qc1 h5 33. Qd1 Qd8 34. Ne2 Nxh3+ 35. Rxh3 Qg5 36. Nf3 Qg4 37. Nc3 R2a3 38. Nb5 Qxe4 39. Nxa3 Rxa3 40. Nd2 1-0

[Event "41st Jacques-Lemans-Open 2022"]
[Site "St. Veit/Glan"]
[Date "2022.07.11"]
[Round "4.35"]
[White "Kempe, Caius Emilian"]
[Black "Mattenberger, Matthias"]
[Result "1-0"]
[ECO "D86"]
[WhiteElo "1877"]
[BlackElo "2005"]
[Annotator "ChessBase"]
[PlyCount "73"]
[EventDate "2022.07.09"]
[EventType "swiss"]
[EventCountry "AUT"]
[SourceTitle "playchess.com"]
[Source "ChessBase"]
[SourceQuality "1"]
[TimeControl "40/5400+30:1800+30"]

1. d4 Nf6 2. c4 g6 3. Nc3 d5 4. cxd5 Nxd5 5. e4 Nxc3 6. bxc3 Bg7 7. Bc4 c5 8. Ne2 Nc6 9. Be3 O-O 10. O-O Bg4 11. f3 Bd7 12. Rb1 Qc7 13. Qd2 Rfd8 14. Bf4 Qc8 15. Bh6 Bh8 16. Qe3 Be8 17. dxc5 Ne5 18. Bd5 Bc6 19. Nf4 e6 20. Bb3 a5 21. Bg5 Re8 22. Nd3 a4 23. Nxe5 axb3 24. Nxc6 bxa2 25. Ne7+ Rxe7 26. Bxe7 axb1=Q 27. Rxb1 Be5 28. Bd6 Bf6 29. e5 Bd8 30. Qe4 Ra7 31. h3 Kg7 32. Kh2 h6 33. c4 Qd7 34. Rb5 Qc8 35. Qe3 Qc6 36. Qd4 Qd7 37. Bf8+ 1-0

[Event "41st Jacques-Lemans-Open 2022"]
[Site "St. Veit/Glan"]
[Date "2022.07.11"]
[Round "4.36"]
[White "Wolfmajer, Wolfgang"]
[Black "Toefferl, Heimo"]
[Result "1-0"]
[ECO "C16"]
[WhiteElo "1861"]
[BlackElo "2003"]
[Annotator "ChessBase"]
[PlyCount "65"]
[EventDate "2022.07.09"]
[EventType "swiss"]
[EventCountry "AUT"]
[SourceTitle "playchess.com"]
[Source "ChessBase"]
[SourceQuality "1"]
[TimeControl "40/5400+30:1800+30"]

1. e4 e6 2. d4 d5 3. Nc3 Bb4 4. e5 b6 5. a3 Bf8 6. Nf3 h6 7. h4 Ne7 8. b4 c6 9. Rb1 Bb7 10. Bd3 Nd7 11. Bf4 a5 12. Qd2 axb4 13. axb4 Nf5 14. g4 Ne7 15. Ne2 g6 16. Ng3 Ra2 17. h5 g5 18. Bxg5 hxg5 19. Nxg5 Bh6 20. O-O Qc7 21. Qf4 f6 22. Nxe6 Bxf4 23. Nxc7+ Kf7 24. e6+ Kg7 25. Nxd5 cxd5 26. exd7 Bxg3 27. fxg3 Raa8 28. Rbe1 Nc6 29. b5 Na5 30. Bg6 Rhf8 31. Re7+ Kg8 32. Rfe1 Bc6 33. Rh7 1-0

[Event "41st Jacques-Lemans-Open 2022"]
[Site "St. Veit/Glan"]
[Date "2022.07.12"]
[Round "5.1"]
[White "Schwab, Rene"]
[Black "Bosiocic, Marin"]
[Result "0-1"]
[ECO "B23"]
[WhiteElo "2124"]
[BlackElo "2549"]
[Annotator "ChessBase"]
[PlyCount "70"]
[EventDate "2022.07.09"]
[EventType "swiss"]
[EventCountry "AUT"]
[SourceTitle "playchess.com"]
[Source "ChessBase"]
[SourceQuality "1"]
[TimeControl "40/5400+30:1800+30"]

1. e4 c5 2. Nc3 Nc6 3. f4 e6 4. Nf3 d5 5. Bb5 Nge7 6. e5 a6 7. Be2 Nf5 8. O-O h5 9. b3 h4 10. h3 b5 11. d3 Bb7 12. Re1 Be7 13. Bf1 Qc7 14. Ne2 d4 15. c3 Rd8 16. cxd4 cxd4 17. a3 b4 18. Bd2 bxa3 19. Qb1 Nb4 20. Rc1 Qb6 21. Ne1 Rd5 22. Bxb4 Bxb4 23. Nc2 Bd2 24. Rd1 Be3+ 25. Kh2 g5 26. Nxa3 gxf4 27. Nc4 Qd8 28. Qa2 Qg5 29. Nxe3 fxe3 30. Qa4+ Rb5 31. Rdc1 Ng3 32. Nxg3 Qxg3+ 33. Kg1 Qf2+ 34. Kh1 e2 35. Qa2 exf1=Q+ 0-1

[Event "41st Jacques-Lemans-Open 2022"]
[Site "St. Veit/Glan"]
[Date "2022.07.12"]
[Round "5.2"]
[White "Rogic, Davor"]
[Black "Koelber, Daniel"]
[Result "0-1"]
[ECO "B50"]
[WhiteElo "2474"]
[BlackElo "2176"]
[Annotator "ChessBase"]
[PlyCount "98"]
[EventDate "2022.07.09"]
[EventType "swiss"]
[EventCountry "AUT"]
[SourceTitle "playchess.com"]
[Source "ChessBase"]
[SourceQuality "1"]
[TimeControl "40/5400+30:1800+30"]

1. e4 c5 2. Nf3 d6 3. Bc4 e6 4. O-O Nf6 5. d3 Be7 6. c3 O-O 7. Bb3 Nc6 8. Re1 e5 9. Nbd2 Re8 10. Nf1 Bf8 11. Bg5 h6 12. Bh4 g6 13. Ne3 Bg7 14. h3 Be6 15. Nd2 Qd7 16. Qf3 Nh5 17. Nd5 Nf4 18. Nf1 Bxd5 19. exd5 Ne7 20. d4 cxd4 21. cxd4 Nf5 22. dxe5 Nxg2 23. Qxg2 Nxh4 24. Qg3 Qd8 25. exd6 Nf5 26. Qf4 Qxd6 27. Qa4 Rxe1 28. Rxe1 Nd4 29. Re3 Qf4 30. Ng3 Rc8 31. Qd7 Rc1+ 32. Kg2 Rc7 33. Qd8+ Bf8 34. Ne4 Re7 35. d6 Rxe4 36. d7 Rxe3 37. fxe3 Qf3+ 38. Kh2 Qf2+ 39. Kh1 Ne2 40. Bxf7+ Qxf7 41. Kg2 Qd5+ 42. Kf2 Qd2 43. Qe8 Nd4+ 44. Kg3 Nc6 45. Qxg6+ Kh8 46. Qf6+ Bg7 47. Qe6 Qd3 48. b4 Kh7 49. b5 Ne5 0-1

[Event "41st Jacques-Lemans-Open 2022"]
[Site "St. Veit/Glan"]
[Date "2022.07.12"]
[Round "5.3"]
[White "Kruckenhauser, Arthur"]
[Black "Riemelmoser, Franz"]
[Result "0-1"]
[ECO "C15"]
[WhiteElo "2303"]
[BlackElo "2237"]
[Annotator "ChessBase"]
[PlyCount "54"]
[EventDate "2022.07.09"]
[EventType "swiss"]
[EventCountry "AUT"]
[SourceTitle "playchess.com"]
[Source "ChessBase"]
[SourceQuality "1"]
[TimeControl "40/5400+30:1800+30"]

1. e4 e6 2. d4 d5 3. Nc3 Bb4 4. Nge2 Nc6 5. a3 Ba5 6. e5 f6 7. b4 Bb6 8. Na4 Bd7 9. Nxb6 axb6 10. Bb2 Nh6 11. g3 O-O 12. f4 Ne7 13. Qd2 Bb5 14. Bh3 Qd7 15. Nc3 Nhf5 16. O-O-O fxe5 17. Nxb5 Qxb5 18. dxe5 c5 19. g4 Nd4 20. Bxd4 cxd4 21. g5 Rxa3 22. Bxe6+ Kh8 23. Qxd4 Rfa8 24. Kd2 Nc6 25. Bd7 Nxd4 26. Bxb5 Nxb5 27. f5 Nd4 0-1

[Event "41st Jacques-Lemans-Open 2022"]
[Site "St. Veit/Glan"]
[Date "2022.07.12"]
[Round "5.4"]
[White "Miazhynski, Yuri"]
[Black "Huber, Benedikt"]
[Result "1/2-1/2"]
[ECO "C50"]
[WhiteElo "2166"]
[BlackElo "2289"]
[Annotator "ChessBase"]
[PlyCount "54"]
[EventDate "2022.07.09"]
[EventType "swiss"]
[EventCountry "AUT"]
[SourceTitle "playchess.com"]
[Source "ChessBase"]
[SourceQuality "1"]
[TimeControl "40/5400+30:1800+30"]

1. e4 e5 2. Nf3 Nc6 3. Bc4 Nf6 4. d3 Bc5 5. c3 a6 6. O-O d6 7. Bb3 Ba7 8. Nbd2 O-O 9. Re1 h6 10. Nf1 Re8 11. Ng3 Be6 12. Bxe6 Rxe6 13. Be3 Bxe3 14. Rxe3 d5 15. h3 g6 16. Re1 d4 17. c4 Nd7 18. Qd2 Kh7 19. b4 b5 20. a4 Qf8 21. axb5 Nxb4 22. Ra5 c5 23. Rea1 Ree8 24. bxa6 Nb8 25. Ne1 Rxa6 26. Rxa6 N8xa6 27. f4 Qd6 1/2-1/2

[Event "41st Jacques-Lemans-Open 2022"]
[Site "St. Veit/Glan"]
[Date "2022.07.13"]
[Round "5.5"]
[White "Windhager, Hannes"]
[Black "Ernst, Robert"]
[Result "1-0"]
[ECO "B40"]
[WhiteElo "2244"]
[BlackElo "2001"]
[Annotator "ChessBase"]
[PlyCount "211"]
[EventDate "2022.07.09"]
[EventType "swiss"]
[EventCountry "AUT"]
[SourceTitle "playchess.com"]
[Source "ChessBase"]
[SourceQuality "1"]
[TimeControl "40/5400+30:1800+30"]

1. e4 c5 2. Nf3 e6 3. g3 Nc6 4. Bg2 Nf6 5. Qe2 d6 6. O-O Be7 7. c3 O-O 8. d4 Qc7 9. e5 Nd7 10. exd6 Bxd6 11. dxc5 Nxc5 12. Na3 Qe7 13. Nb5 Bb8 14. b4 Nd7 15. Be3 a6 16. Nbd4 Nxd4 17. Nxd4 Nf6 18. Nb3 Ba7 19. Rfd1 Bxe3 20. Qxe3 Qc7 21. Qc5 Qxc5 22. Nxc5 Rb8 23. Rd6 b6 24. Na4 Bd7 25. Nxb6 Bb5 26. a4 Ne8 27. axb5 Nxd6 28. bxa6 Rxb6 29. a7 f5 30. a8=Q Rxa8 31. Rxa8+ Kf7 32. f4 Nb5 33. c4 Nd4 34. Rd8 Ne2+ 35. Kf2 Rxb4 36. Kxe2 Rxc4 37. Ke3 h6 38. Bf3 Ke7 39. Rd2 g5 40. Rd4 Rc2 41. Be2 Rb2 42. Ra4 Rb3+ 43. Kf2 Kf6 44. Ra7 Rb4 45. Ke3 Rb3+ 46. Kf2 Rb4 47. fxg5+ hxg5 48. h3 Kg6 49. Re7 Kf6 50. Rh7 Kg6 51. Rh8 Kg7 52. Rh5 Kg6 53. Rh8 Kg7 54. Rc8 f4 55. gxf4 Rxf4+ 56. Ke3 Ra4 57. Bg4 Kf6 58. Rc6 Ra3+ 59. Kd4 Ra4+ 60. Kc5 Re4 61. Kb6 Re5 62. Kc7 Ke7 63. Kc8 Re3 64. Rc5 Kf6 65. Kd7 Ra3 66. Rc6 Ra7+ 67. Kd6 Re7 68. Ra6 Re8 69. Kd7 Re7+ 70. Kd8 Kf7 71. Ra1 Re8+ 72. Kd7 Re7+ 73. Kd6 Rb7 74. Bxe6+ Kg6 75. Bg4 Rb6+ 76. Ke7 Rb7+ 77. Bd7 Rb3 78. Ra6+ Kg7 79. Bg4 Re3+ 80. Kd6 Kf6 81. Kd5+ Kg7 82. Bf5 Kf7 83. Rh6 Ra3 84. Ke4 Ra4+ 85. Ke3 Rf4 86. Bc8 Kg7 87. Rc6 Kf7 88. Bg4 Kg7 89. Bf3 Rf6 90. Rc5 Kg6 91. Kf2 Rf5 92. Rc8 Rf4 93. Kg3 Kf6 94. Bg4 Ra4 95. Rc6+ Kg7 96. Bf5 Ra5 97. Kg4 Ra1 98. Kxg5 Rg1+ 99. Bg4 Rb1 100. h4 Rg1 101. Rc7+ Kh8 102. h5 Rg2 103. Kf4 Rg1 104. h6 Rh1 105. Kg5 Rg1 106. Kh5 1-0

[Event "41st Jacques-Lemans-Open 2022"]
[Site "St. Veit/Glan"]
[Date "2022.07.12"]
[Round "5.6"]
[White "Fahrner, Kurt"]
[Black "Manhardt, Thomas"]
[Result "0-1"]
[ECO "A81"]
[WhiteElo "2331"]
[BlackElo "2227"]
[Annotator "ChessBase"]
[PlyCount "100"]
[EventDate "2022.07.09"]
[EventType "swiss"]
[EventCountry "AUT"]
[SourceTitle "playchess.com"]
[Source "ChessBase"]
[SourceQuality "1"]
[TimeControl "40/5400+30:1800+30"]

1. d4 f5 2. g3 Nf6 3. Bg2 g6 4. Nf3 Bg7 5. O-O O-O 6. b4 c6 7. a4 a6 8. a5 d6 9. Bb2 Kh8 10. c4 Be6 11. d5 Bg8 12. Nc3 Nbd7 13. Qb3 e5 14. dxe6 Bxe6 15. Rfd1 Qc7 16. Rac1 Bg8 17. Na4 Rad8 18. Qa3 Ne5 19. Nb6 Nfd7 20. Qa1 Nxb6 21. axb6 Qe7 22. c5 Nxf3+ 23. Bxf3 d5 24. e3 Bxb2 25. Qxb2+ Qg7 26. Rd4 Rde8 27. Qa1 Be6 28. Rd2 Rf6 29. Qd4 Kg8 30. Ra1 Qf7 31. Qf4 Kg7 32. h4 h6 33. b5 axb5 34. Rda2 Bc8 35. Ra8 Qe7 36. Rb8 Rff8 37. Raa8 h5 38. Kg2 Kf7 39. Bxh5 gxh5 40. Rxc8 Rxc8 41. Rxc8 Qe4+ 42. Qxe4 dxe4 43. Rc7+ Ke6 44. Rxb7 b4 45. Rc7 Kd5 46. b7 Rb8 47. Rf7 b3 48. Rxf5+ Kc4 49. Re5 b2 50. Rxe4+ Kxc5 0-1

[Event "41st Jacques-Lemans-Open 2022"]
[Site "St. Veit/Glan"]
[Date "2022.07.12"]
[Round "5.7"]
[White "Hechl, Gerald"]
[Black "Praznik, Niko"]
[Result "1-0"]
[ECO "A40"]
[WhiteElo "2222"]
[BlackElo "2325"]
[Annotator "ChessBase"]
[PlyCount "67"]
[EventDate "2022.07.09"]
[EventType "swiss"]
[EventCountry "AUT"]
[SourceTitle "playchess.com"]
[Source "ChessBase"]
[SourceQuality "1"]
[TimeControl "40/5400+30:1800+30"]

1. d4 e6 2. c4 b6 3. a3 Bb7 4. Nc3 Nf6 5. Bf4 Be7 6. e3 O-O 7. Nf3 d5 8. cxd5 Nxd5 9. Nxd5 exd5 10. Rc1 c5 11. Bd3 Nd7 12. O-O Nf6 13. Ne5 c4 14. Bb1 b5 15. Qc2 g6 16. Bh6 Re8 17. f4 Ne4 18. f5 f6 19. fxg6 fxe5 20. Rf7 hxg6 21. Rcf1 Bg5 22. Rg7+ Kh8 23. Rxg6 Bxh6 24. Rxh6+ Kg7 25. Rh3 Re6 26. Rg3+ Rg6 27. Rxg6+ Kxg6 28. Qf2 Qe7 29. Qf5+ Kg7 30. Bxe4 dxe4 31. Qg4+ Kh8 32. Rf5 Rg8 33. Rh5+ Qh7 34. Qf5 1-0

[Event "41st Jacques-Lemans-Open 2022"]
[Site "St. Veit/Glan"]
[Date "2022.07.12"]
[Round "5.8"]
[White "Schernthaner, David"]
[Black "Lerch, Johannes"]
[Result "1/2-1/2"]
[ECO "E32"]
[WhiteElo "2319"]
[BlackElo "2222"]
[Annotator "ChessBase"]
[PlyCount "183"]
[EventDate "2022.07.09"]
[EventType "swiss"]
[EventCountry "AUT"]
[SourceTitle "playchess.com"]
[Source "ChessBase"]
[SourceQuality "1"]
[TimeControl "40/5400+30:1800+30"]

1. d4 Nf6 2. c4 e6 3. Nc3 Bb4 4. Qc2 O-O 5. a3 Bxc3+ 6. Qxc3 d5 7. Nf3 dxc4 8. Qxc4 b6 9. Bg5 Ba6 10. Qa4 Qd7 11. Qxd7 Nbxd7 12. Bxf6 Nxf6 13. Rc1 Rac8 14. e3 Bxf1 15. Rxf1 Nd7 16. Rc6 Nb8 17. Rc2 Nd7 18. Ke2 c5 19. Rfc1 Rb8 20. dxc5 bxc5 21. Nd2 Rb5 22. Ne4 Rfb8 23. Nxc5 Nxc5 24. Rxc5 Rxb2+ 25. Kf3 g6 26. Rc8+ Kg7 27. Rxb8 Rxb8 28. Rc7 a6 29. Rc6 a5 30. Rc5 a4 31. Ra5 h5 32. Rxa4 Rb2 33. Ra7 Ra2 34. Kg3 e5 35. h4 Kf6 36. a4 Kg7 37. a5 Kf6 38. a6 Kg7 39. Ra8 Kf6 40. Kf3 Ra4 41. g3 Kf5 42. Rf8 Kf6 43. Ra8 Kf5 44. Ra7 e4+ 45. Kg2 Kf6 46. Kf1 Ra2 47. Ke1 Ke6 48. Kf1 Kf6 49. Kg2 Ke6 50. Ra8 Kf5 51. Rf8 f6 52. Ra8 Ra1 53. a7 Ra3 54. Kh3 Ra1 55. Kh2 Ra3 56. Kg2 Ra2 57. Kg1 Ra1+ 58. Kh2 Ra3 59. Kh3 Ra1 60. Re8 Rxa7 61. f3 g5 62. g4+ Kg6 63. Rxe4 hxg4+ 64. Rxg4 Ra3 65. hxg5 Rxe3 66. gxf6+ Kxf6 67. Kg3 Ra3 68. Rb4 Ra6 69. Kg4 Kf7 70. Rb5 Rc6 71. Kg5 Ra6 72. Rb7+ Kf8 73. Rd7 Rb6 74. Rh7 Ra6 75. Rh6 Ra5+ 76. Kg4 Kf7 77. Rh7+ Kf6 78. f4 Rb5 79. Rh6+ Kf7 80. Rd6 Ra5 81. Rh6 Rb5 82. Rh5 Rxh5 83. Kxh5 Kf6 84. Kg4 Kg6 85. f5+ Kf6 86. Kf4 Kf7 87. Kg5 Kg7 88. f6+ Kf7 89. Kf5 Kf8 90. Kg6 Kg8 91. f7+ Kf8 92. Kf6 1/2-1/2

[Event "41st Jacques-Lemans-Open 2022"]
[Site "St. Veit/Glan"]
[Date "2022.07.12"]
[Round "5.9"]
[White "Sandhoefner, Florian"]
[Black "Ofner, Maximilian"]
[Result "1/2-1/2"]
[ECO "B44"]
[WhiteElo "2289"]
[BlackElo "2194"]
[Annotator "ChessBase"]
[PlyCount "102"]
[EventDate "2022.07.09"]
[EventType "swiss"]
[EventCountry "AUT"]
[SourceTitle "playchess.com"]
[Source "ChessBase"]
[SourceQuality "1"]
[TimeControl "40/5400+30:1800+30"]

1. e4 c5 2. Nf3 e6 3. d4 cxd4 4. Nxd4 Nc6 5. Nb5 d6 6. Bf4 e5 7. Be3 Nf6 8. Bg5 a6 9. Bxf6 gxf6 10. N5c3 Be7 11. Nd5 O-O 12. Bd3 Be6 13. Nbc3 b5 14. O-O b4 15. Ne2 f5 16. Ng3 f4 17. Nf5 Bxf5 18. exf5 Bf6 19. a3 Rb8 20. Be4 bxa3 21. Rxa3 Nb4 22. Rh3 Nxd5 23. Qh5 Re8 24. Bxd5 Qe7 25. Qxh7+ Kf8 26. Rh6 Rec8 27. Rg6 Ke8 28. Qg8+ Kd7 29. Qxf7 Qxf7 30. Bxf7 Rxc2 31. b3 Ke7 32. Be6 e4 33. g4 e3 34. fxe3 fxe3 35. Bc4 d5 36. Bxd5 e2 37. Re1 Rd8 38. Bf3 Rd1 39. Rxd1 exd1=Q+ 40. Bxd1 Rc1 41. g5 Rxd1+ 42. Kf2 Bd4+ 43. Ke2 Rh1 44. Kd3 Bb2 45. Rh6 Rf1 46. f6+ Ke6 47. h4 Rf3+ 48. Kc4 a5 49. Rh7 Rc3+ 50. Kb5 Rxb3+ 51. Kxa5 Bxf6 1/2-1/2

[Event "41st Jacques-Lemans-Open 2022"]
[Site "St. Veit/Glan"]
[Date "2022.07.12"]
[Round "5.10"]
[White "Novosel, Lovro"]
[Black "Feinig, Mario"]
[Result "0-1"]
[ECO "A96"]
[WhiteElo "2255"]
[BlackElo "2141"]
[Annotator "ChessBase"]
[PlyCount "94"]
[EventDate "2022.07.09"]
[EventType "swiss"]
[EventCountry "AUT"]
[SourceTitle "playchess.com"]
[Source "ChessBase"]
[SourceQuality "1"]
[TimeControl "40/5400+30:1800+30"]

1. Nf3 f5 2. g3 Nf6 3. Bg2 d6 4. d4 e6 5. O-O Be7 6. c4 O-O 7. b3 a5 8. a3 a4 9. b4 Ne4 10. Qc2 Nd7 11. Bb2 Ndf6 12. Nfd2 d5 13. Nf3 Bd7 14. Ne5 Be8 15. Nc3 Nxc3 16. Qxc3 Ne4 17. Qc2 Bf6 18. Rac1 c6 19. Rfd1 Nd6 20. cxd5 cxd5 21. Nd3 Bb5 22. Nf4 Rc8 23. Qb1 Qe7 24. f3 Bg5 25. Rxc8 Rxc8 26. e4 Bxf4 27. gxf4 Qh4 28. Re1 Rc2 29. Rf1 Bd3 30. Qd1 fxe4 31. fxe4 dxe4 32. Bc1 Nf5 33. Bd2 e3 34. Be1 Rxg2+ 35. Kxg2 Bxf1+ 36. Kxf1 Qxh2 37. Qf3 e2+ 38. Qxe2 Qxe2+ 39. Kxe2 Nxd4+ 40. Kd3 Nb5 41. Kc4 Nxa3+ 42. Kc5 Nc2 43. Bc3 h5 44. b5 h4 45. f5 exf5 46. Be5 h3 47. Kb6 Na3 0-1

[Event "41st Jacques-Lemans-Open 2022"]
[Site "St. Veit/Glan"]
[Date "2022.07.12"]
[Round "5.11"]
[White "Navaratnam, Rohan Shan Tze"]
[Black "Caruso, Augusto"]
[Result "1-0"]
[ECO "A96"]
[WhiteElo "2071"]
[BlackElo "2132"]
[Annotator "ChessBase"]
[PlyCount "77"]
[EventDate "2022.07.09"]
[EventType "swiss"]
[EventCountry "AUT"]
[SourceTitle "playchess.com"]
[Source "ChessBase"]
[SourceQuality "1"]
[TimeControl "40/5400+30:1800+30"]

1. d4 f5 2. c4 Nf6 3. g3 e6 4. Bg2 Be7 5. Nf3 d6 6. O-O O-O 7. Nc3 Ne4 8. Qc2 Nxc3 9. Qxc3 a5 10. a3 a4 11. Re1 Bf6 12. e4 c5 13. exf5 exf5 14. Be3 Nc6 15. Qd3 f4 16. Bxf4 Nxd4 17. Nxd4 Bxd4 18. Be4 g6 19. Be3 Bxb2 20. Rab1 Bg7 21. Bxb7 Bf5 22. Qd5+ Kh8 23. Bxa8 Qxa8 24. Qxa8 Rxa8 25. Rb6 d5 26. cxd5 c4 27. Bf4 c3 28. Rb8+ Rxb8 29. Bxb8 c2 30. Re8+ Bf8 31. Be5+ Kg8 32. Bb2 Kf7 33. Ra8 Bh6 34. f4 Bd7 35. Ra7 Ke8 36. Rc7 Bf5 37. d6 Bf8 38. Be5 Be4 39. Kf2 1-0

[Event "41st Jacques-Lemans-Open 2022"]
[Site "St. Veit/Glan"]
[Date "2022.07.12"]
[Round "5.12"]
[White "Vojinov, Danijel"]
[Black "Hofstadler, Mario"]
[Result "1/2-1/2"]
[ECO "A00"]
[WhiteElo "2201"]
[BlackElo "2123"]
[Annotator "ChessBase"]
[PlyCount "119"]
[EventDate "2022.07.09"]
[EventType "swiss"]
[EventCountry "AUT"]
[SourceTitle "playchess.com"]
[Source "ChessBase"]
[SourceQuality "1"]
[TimeControl "40/5400+30:1800+30"]

1. b4 e5 2. Bb2 Bxb4 3. Bxe5 Nf6 4. c3 Be7 5. d4 d5 6. Bxf6 Bxf6 7. e3 c5 8. Bd3 Nc6 9. Nd2 c4 10. Bc2 Rb8 11. a4 a6 12. Ne2 b5 13. axb5 axb5 14. e4 O-O 15. O-O b4 16. exd5 Qxd5 17. cxb4 Nxd4 18. Ra5 Nxe2+ 19. Qxe2 Qe6 20. Qxc4 Qxc4 21. Nxc4 Rxb4 22. Nd6 Be6 23. Ne4 Bd8 24. Ra3 Rb2 25. Bd3 h6 26. Rb1 Rxb1+ 27. Bxb1 Be7 28. Ra7 Rc8 29. Bd3 Rc1+ 30. Bf1 Bg5 31. Ra4 Bd7 32. Rb4 Be6 33. h3 Be7 34. Ra4 g6 35. Ng3 Bd6 36. Ne2 Rb1 37. Re4 Kg7 38. Nc3 Rc1 39. Ne2 Rb1 40. Nc3 Rc1 41. Ne2 Ra1 42. Nc3 Bf5 43. Ra4 Re1 44. Ra2 Be6 45. Ra4 Bf5 46. Ra2 Be6 47. Ra4 h5 48. Re4 Rc1 49. Ne2 Ra1 50. Nc3 Bf5 51. Ra4 Re1 52. Ra2 Be6 53. Ra4 Bf5 54. Ra2 Bd3 55. Ne2 h4 56. Rd2 Bxe2 57. Rxe2 Rd1 58. Re3 f6 59. Rd3 Rxd3 60. Bxd3 1/2-1/2

[Event "41st Jacques-Lemans-Open 2022"]
[Site "St. Veit/Glan"]
[Date "2022.07.12"]
[Round "5.13"]
[White "Bauer, Thomas"]
[Black "Hng, Mei-En Emmanuelle"]
[Result "1-0"]
[ECO "E91"]
[WhiteElo "2228"]
[BlackElo "1997"]
[Annotator "ChessBase"]
[PlyCount "65"]
[EventDate "2022.07.09"]
[EventType "swiss"]
[EventCountry "AUT"]
[SourceTitle "playchess.com"]
[Source "ChessBase"]
[SourceQuality "1"]
[TimeControl "40/5400+30:1800+30"]

1. d4 d6 2. Nf3 Nf6 3. c4 g6 4. Nc3 Bg7 5. e4 O-O 6. Be2 Na6 7. O-O c5 8. d5 Nc7 9. h3 e6 10. a4 exd5 11. exd5 Bf5 12. g4 Bd7 13. Bg5 h6 14. Bf4 Nfe8 15. Bd3 Na6 16. Ra3 Nb4 17. Bb1 h5 18. Nh2 Bd4 19. Qd2 hxg4 20. Ne2 Bg7 21. hxg4 Qf6 22. Rc3 Qh4 23. Rg3 Nf6 24. Kg2 Qh8 25. Rh1 Rfe8 26. Nf3 Qxh1+ 27. Kxh1 Nxg4 28. Kg2 Ne5 29. Nxe5 dxe5 30. Bh6 Bh8 31. Qg5 e4 32. Qh5 Re5 33. Rxg6+ 1-0

[Event "41st Jacques-Lemans-Open 2022"]
[Site "St. Veit/Glan"]
[Date "2022.07.12"]
[Round "5.14"]
[White "Bethke, Robert"]
[Black "Bauer, Sebastian"]
[Result "1-0"]
[ECO "E97"]
[WhiteElo "2070"]
[BlackElo "2380"]
[Annotator "ChessBase"]
[PlyCount "111"]
[EventDate "2022.07.09"]
[EventType "swiss"]
[EventCountry "AUT"]
[SourceTitle "playchess.com"]
[Source "ChessBase"]
[SourceQuality "1"]
[TimeControl "40/5400+30:1800+30"]

1. d4 Nf6 2. c4 g6 3. Nc3 Bg7 4. Nf3 O-O 5. e4 d6 6. Be2 e5 7. O-O Nc6 8. d5 Ne7 9. b4 Nh5 10. c5 f5 11. cxd6 cxd6 12. a4 Nf6 13. Nd2 Bh6 14. Bf3 Bxd2 15. Qxd2 f4 16. Ba3 g5 17. Be2 g4 18. f3 g3 19. hxg3 fxg3 20. f4 Qb6+ 21. Kh1 Qd4 22. Rad1 Qxd2 23. Rxd2 exf4 24. Rxf4 Ng6 25. Rf3 Bg4 26. Rxg3 Bxe2 27. Rxe2 Nh5 28. Rg5 Rf1+ 29. Kh2 Nhf4 30. Re3 Rc8 31. b5 h6 32. Rg4 Rd8 33. Ne2 Kf7 34. Nxf4 Nxf4 35. Reg3 Nh5 36. Rc3 Rd7 37. Rf3+ Rxf3 38. gxf3 b6 39. Rg2 Nf4 40. Rc2 Nd3 41. Rc6 Ke7 42. Kg3 h5 43. Kh4 Ne5 44. f4 Nxc6 45. dxc6 Rd8 46. e5 Rg8 47. Bxd6+ Ke6 48. Kxh5 Kf5 49. Kh6 Kxf4 50. Kh7 Rd8 51. Kg6 Ke4 52. Kf6 Kd5 53. Ke7 Rh8 54. c7 a6 55. Kd7 axb5 56. axb5 1-0

[Event "41st Jacques-Lemans-Open 2022"]
[Site "St. Veit/Glan"]
[Date "2022.07.12"]
[Round "5.15"]
[White "Zoernpfenning, Siegfried"]
[Black "Dotzer, Lukas"]
[Result "1/2-1/2"]
[ECO "A45"]
[WhiteElo "2114"]
[BlackElo "2269"]
[Annotator "ChessBase"]
[PlyCount "70"]
[EventDate "2022.07.09"]
[EventType "swiss"]
[EventCountry "AUT"]
[SourceTitle "playchess.com"]
[Source "ChessBase"]
[SourceQuality "1"]
[TimeControl "40/5400+30:1800+30"]

1. d4 Nf6 2. Bf4 d5 3. e3 c5 4. c3 Nc6 5. Nd2 e6 6. Ngf3 Be7 7. Ne5 Nxe5 8. dxe5 Nd7 9. Bd3 g5 10. Bg3 h5 11. h3 Qc7 12. e4 Qc6 13. exd5 exd5 14. c4 dxc4 15. Be4 Qa6 16. Qf3 Qe6 17. Qe2 f5 18. exf6 Nxf6 19. O-O-O O-O 20. Rhe1 c3 21. bxc3 Qxa2 22. Bd3 Rf7 23. Qe5 Nd5 24. Bc4 Qa3+ 25. Kc2 Bf6 26. Nb1 Qa4+ 27. Bb3 Bxe5 28. Bxa4 Bf5+ 29. Kb2 Bxg3 30. Rxd5 Bxf2 31. Ree5 Raf8 32. g4 hxg4 33. hxg4 Bxb1 34. Rxg5+ Rg7 35. Kxb1 Rxg5 1/2-1/2

[Event "41st Jacques-Lemans-Open 2022"]
[Site "St. Veit/Glan"]
[Date "2022.07.12"]
[Round "5.16"]
[White "Moeller, Dustin"]
[Black "Miazhynski, Michael"]
[Result "1/2-1/2"]
[ECO "D91"]
[WhiteElo "2237"]
[BlackElo "1994"]
[Annotator "ChessBase"]
[PlyCount "110"]
[EventDate "2022.07.09"]
[EventType "swiss"]
[EventCountry "AUT"]
[SourceTitle "playchess.com"]
[Source "ChessBase"]
[SourceQuality "1"]
[TimeControl "40/5400+30:1800+30"]

1. c4 Nf6 2. Nc3 d5 3. d4 g6 4. Nf3 Bg7 5. Bg5 Ne4 6. Bf4 Nxc3 7. bxc3 O-O 8. e3 c5 9. cxd5 Qxd5 10. Be2 Nc6 11. O-O Rd8 12. Qb1 b6 13. e4 Qd7 14. Bb5 a6 15. Bxc6 Qxc6 16. d5 Qb7 17. Ne5 e6 18. c4 b5 19. Qc2 exd5 20. cxd5 c4 21. Rab1 f5 22. Nxc4 fxe4 23. Ne3 Qe7 24. d6 Qe6 25. a4 Bd7 26. Rb4 Re8 27. Rd1 Rac8 28. Qb1 Rc5 29. axb5 axb5 30. Rc1 Bc3 31. Rxc3 Rxc3 32. h3 Rc5 33. Qb2 g5 34. Bg3 h5 35. h4 gxh4 36. Bxh4 Qxd6 37. Rd4 Qe6 38. Qd2 Bc6 39. Rd6 Qf7 40. Rf6 Qd7 41. Rd6 Qf7 42. Qd4 Rc1+ 43. Kh2 Re6 44. Rd8+ Be8 45. Nd5 Rcc6 46. Qb4 Kh7 47. Qxb5 Rc8 48. Qa5 Rxd8 49. Qxd8 Bc6 50. Ne3 Rg6 51. Qb8 Qd7 52. Bg3 Qf7 53. Qe5 Re6 54. Qg5 Rg6 55. Qe5 Re6 1/2-1/2

[Event "41st Jacques-Lemans-Open 2022"]
[Site "St. Veit/Glan"]
[Date "2022.07.12"]
[Round "5.17"]
[White "Gschiel, Alexander"]
[Black "Markun, Ozbej"]
[Result "1-0"]
[ECO "E92"]
[WhiteElo "2215"]
[BlackElo "1915"]
[Annotator "ChessBase"]
[PlyCount "49"]
[EventDate "2022.07.09"]
[EventType "swiss"]
[EventCountry "AUT"]
[SourceTitle "playchess.com"]
[Source "ChessBase"]
[SourceQuality "1"]
[TimeControl "40/5400+30:1800+30"]

1. d4 Nf6 2. c4 g6 3. Nc3 Bg7 4. e4 d6 5. Be2 O-O 6. Nf3 e5 7. d5 Na6 8. Nd2 Ne8 9. O-O c5 10. dxc6 bxc6 11. Nb3 Nac7 12. Be3 Be6 13. Qd2 Bf6 14. Rfd1 Be7 15. Na5 Qd7 16. c5 Kh8 17. cxd6 Nxd6 18. Nb7 Nce8 19. Nc5 Qc7 20. Nxe6 fxe6 21. f3 Ng7 22. Na4 Rad8 23. Qc3 Nf7 24. Rxd8 Rxd8 25. Rc1 1-0